 Dungeon Crawl Stone Soup version 0.17-a0-1248-g117de50 (webtiles) character file.

49 kidanger the Shield-Bearer (level 3, -2/34 HPs)
             Began as a Deep Dwarf Fighter on June 5, 2015.
             Slain by a worm (6 damage)
             ... on level 2 of the Dungeon.
             The game lasted 00:03:08 (1001 turns).

kidanger the Shield-Bearer (Deep Dwarf Fighter)     Turns: 1001, Time: 00:03:08

Health: -2/34      AC:  6    Str: 25    XL:     3   Next: 51%
Magic:  3/3        EV:  8    Int:  8    God:
Gold:   26         SH: 10    Dex: 12    Spells: 0 memorised, 2 levels left

rFire  . . .     SeeInvis .     a - +0 rapier
rCold  . . .     Clarity  .     b - +0 scale mail
rNeg   . . .     SustAt   .     c - +0 shield
rPois  .         Gourm    +     (no helmet)
rElec  .         Spirit   .     (no cloak)
rCorr  .         Warding  .     (no gloves)
rMut   .         Stasis   .     (no boots)
MR     .....                    i - amulet of the gourmand
Stlth  ..........               (no ring)
                                (no ring)

@: mighty, non-regenerating, not resistant to hostile enchantments, extremely
unstealthy
A: damage resistance, recharge devices, sense surroundings 1, slow healing 3
a: Device Recharging


You were on level 2 of the Dungeon.
You were full.

You visited 1 branch of the dungeon, and saw 2 of its levels.

You collected 26 gold pieces.

Inventory:

Hand weapons
 a - a +0 rapier (weapon)
Armour
 b - a +0 scale mail (worn)
 c - a +0 shield (worn)
Jewellery
 i - an amulet of the gourmand (around neck)
Magical devices
 e - a wand of heal wounds (5)
Scrolls
 g - a scroll of remove curse {unknown}
 k - 3 scrolls of identify {unknown}
 l - a scroll of magic mapping {unknown}
 n - 2 scrolls of teleportation {unknown}
Potions
 j - a potion of curing {unknown}
 m - a potion of magic {unknown}
 o - a potion of lignification {unknown}
 p - a potion of brilliance {unknown}
Comestibles
 f - 2 bread rations
 h - a fruit


   Skills:
 + Level 3.0 Fighting
 + Level 1.9 Short Blades
 + Level 3.6 Armour
 + Level 0.9 Dodging
 + Level 4.1 Shields


You had 2 spell levels left.
You didn't know any spells.

Dungeon Overview and Level Annotations

Branches:
Dungeon (2/15)

Altars:


Innate Abilities, Weirdness & Mutations

You are resistant to damage.
You can recharge devices by infusing magical energy.
You passively map a small area around you.
You do not heal naturally.


Message History

You impale Natasha!!
You kill Natasha!
Natasha screams in fury as she dies!
Your Fighting skill increases to level 3!
Your Shields skill increases to level 4!
You have reached level 3!
Your experience leads to an increase in your attributes!
Your base attributes are Str 19, Int 8, Dex 12.
Increase (S)trength, (I)ntelligence, or (D)exterity?
You feel stronger.
You see here the felid corpse of Natasha.
You butcher the felid corpse of Natasha.
You see here a chunk of flesh.
Eat a chunk of flesh? (ye/n/q/i?) This raw flesh tastes great.
You continue eating. x2
You puncture the worm!
The worm is severely wounded.
The worm bites you!
You die...

#.##.##..#, *
#.##.##### * ,
#.##.# * #.##.#####,
, #..#.....# ,, ,
#####....####,
#.......## *, *
##.###<#.# , *
####..# #@#.#####.#
#.# ##....##
#.w...#.#.....*
#..####
##.##.#.#h..w ###.##
#..#...#.#.# # #...#
###.....##5w5 .#
#####.###
##...#....#.. ..*
......#
##..####.###.#5#.###
####### ##>.##
#.###........ #
########..##
#.......#####


You could see a worm.

Vanquished Creatures
  Natasha (D:2)
  A giant gecko (D:1)
  A bat (D:2)
  2 giant cockroaches (D:1)
  A goblin (D:1)
  3 hobgoblins (D:1)
  3 jackals (D:1)
  3 giant newts (D:1)
  5 kobolds
  3 rats (D:1)
23 creatures vanquished.

Vanquished Creatures (others)
  4 toadstools (D:1)
4 creatures vanquished.

Grand Total: 27 creatures vanquished

Notes
Turn   | Place    | Note
--------------------------------------------------------------
     0 | D:1      | kidanger the Deep Dwarf Fighter began the quest for the Orb.
     0 | D:1      | Reached XP level 1. HP: 20/20 MP: 1/1
   140 | D:1      | Reached XP level 2. HP: 25/27 MP: 2/2
   371 | D:1      | You fall through a shaft!
   520 | D:2      | Noticed Natasha
   995 | D:2      | Killed Natasha
   995 | D:2      | Reached skill level 4 in Shields
   995 | D:2      | Reached XP level 3. HP: 4/34 MP: 3/3
  1001 | D:2      | Slain by a worm

Vault maps used:
D:1:      ldierk_water_garden
D:2:      columned_hall_lemuel, uniq_natasha

Action                   || total
-------------------------++-------
Melee: Rapier            ||   111
  Use: Potion            ||     1
  Eat: Chunk             ||     9
